 Dungeon Sprint DCSS version 0.20.1-1-g8b1a95d (webtiles) character file.

427 juspike the Fighter (level 7, -1/64 HPs)
             Began as a Human Berserker on Oct 5, 2017.
             Was a Believer of Trog.
             Slain by Sonja
             ... wielding a +1 dagger of venom
              (4 damage)
             ... in the Dungeon (Sprint I: "Red Sonja").
             The game lasted 00:10:00 (684 turns).

juspike the Fighter (Human Berserker)                Turns: 684, Time: 00:10:00

Health: -1/64      AC:  3    Str: 20    XL:     7   Next: 18%
Magic:  7/7        EV: 14    Int:  7    God:    Trog [**....]
Gold:   308        SH:  0    Dex: 12    Spells: 6/6 levels left

rFire    . . .     SeeInvis .   a - +0 spear
rCold    . . .     Gourm    .   (no shield)
rNeg     . . .     Faith    .   k - +0 leather armour
rPois    .         Spirit   .   (no helmet)
rElec    .         Reflect  .   (no cloak)
rCorr    .         Harm     .   (no gloves)
MR       ++...     NoTele   +   (no boots)
Stlth    +.........             (no amulet)
Regen    1.2/turn               (no ring)
MPRegen  0.1/turn               (no ring)

@: lethally poisoned (-1 -> -56), berserk cooldown, regenerating, slowed, very
slow
A: no striking features
a: Berserk, Trog's Hand, Burn Spellbooks, Renounce Religion


You were in the Dungeon.
You worshipped Trog.
Trog was pleased with you.
You were not hungry.

You visited 1 branch You collected 308 gold pieces.

Inventory:

Hand Weapons
 a - a +0 spear (weapon)
 c - a +0 scythe
 j - a +0 club
 l - a +0 giant club
Armour
 b - a +0 animal skin
 f - a +0 robe
 k - a +0 leather armour (worn)
Scrolls
 i - a scroll of blinking
 m - a scroll of identify {unknown}
Potions
 g - 2 potions of magic
 h - a potion of berserk rage


   Skills:
 + Level 9.2 Fighting
 + Level 9.2 Polearms
 + Level 5.5 Armour
 + Level 5.5 Dodging
 + Level 0.7 Stealth


You had 6 spell levels left.
You didn't know any spells.

Dungeon Overview and Level Annotations

Branches:
Dungeon (1/1)

Altars:
Cheibriados
Dithmenos
Elyvilon
Fedhas
Gozag
Hepliaklqana
Kikubaaqudgha
Nemelex Xobeh
Okawaru
Qazlal
Ru
Sif Muna
Trog
Uskayaw
Vehumet
Yredelemnul
Zin
The Shining One

Shops:
D *

Annotations:
D Sonja


Message History

Sonja hits you with an uncursed dagger of venom.
* * * LOW HITPOINT WARNING * * *
You are more poisoned.
You're still recovering from your berserk rage.
You hit Sonja.
Sonja is heavily wounded.
* * * LOW HITPOINT WARNING * * *
You feel very sick.
Sonja hits you with an uncursed dagger of venom.
* * * LOW HITPOINT WARNING * * *
You are more poisoned.
Sonja hits you but does no damage.
You are more poisoned.
Sonja hits you with an uncursed dagger of venom.
* * * LOW HITPOINT WARNING * * *
You are more poisoned.
* * * LOW HITPOINT WARNING * * *
You feel extremely sick.
Sonja hits you with an uncursed dagger of venom.
You die...

#..#####'#####'#
#..####..#...#.#
#..#__####..##.#
#..#_____##'#..+
#⌠⌠#_.∩...'.(._#
####_..__##_(#+#
#_____###(#
#########K##
+@.$+ #$.$#
##.## #+#


You could see Sonja.

Vanquished Creatures
  Sigmund (D)
  A yak (D)
  An ogre (D)
  A jelly (D)
  Ijyb (D)
5 creatures vanquished.

Vanquished Creatures (others)
  A gargoyle (D)
1 creature vanquished.

Grand Total: 6 creatures vanquished

Notes
Turn   | Place    | Note
-------+----------+-------------------------------------------
     0 | D        | juspike the Human Berserker began the quest for the Orb.
     0 | D        | Reached XP level 1. HP: 18/18 MP: 1/1
     1 | D        | Noticed Ijyb
    12 | D        | Killed Ijyb
    12 | D        | Reached XP level 2. HP: 13/26 MP: 2/2
    12 | D        | Reached XP level 3. HP: 16/31 MP: 3/3
   214 | D        | Noticed an ogre
   222 | D        | Killed an ogre
   222 | D        | Reached XP level 4. HP: 10/41 MP: 4/4
   222 | D        | Reached XP level 5. HP: 12/47 MP: 5/5
   477 | D        | Noticed Sigmund
   490 | D        | Killed Sigmund
   490 | D        | Reached ** piety under Trog
   490 | D        | Reached XP level 6. HP: 57/57 MP: 6/6
   509 | D        | Killed a gargoyle
   545 | D        | Found a deep blue altar of Sif Muna.
   547 | D        | Found a radiant altar of Vehumet.
   555 | D        | Reached skill level 5 in Armour
   607 | D        | Found Goizoc's General Store.
   607 | D        | Found an ancient bone altar of Kikubaaqudgha.
   607 | D        | Found a hazy altar of Hepliaklqana.
   607 | D        | Found a hide-covered altar of Uskayaw.
   607 | D        | Found a basalt altar of Yredelemnul.
   607 | D        | Found an opulent altar of Gozag.
   607 | D        | Found a snail-covered altar of Cheibriados.
   607 | D        | Found a sacrificial altar of Ru.
   607 | D        | Found a shadowy altar of Dithmenos.
   607 | D        | Noticed a yak
   615 | D        | Killed a yak
   615 | D        | Reached skill level 5 in Dodging
   615 | D        | Reached XP level 7. HP: 64/64 MP: 7/7
   616 | D        | Found a stormy altar of Qazlal.
   616 | D        | Found a blossoming altar of Fedhas.
   616 | D        | Found a bloodstained altar of Trog.
   616 | D        | Found an iron altar of Okawaru.
   616 | D        | Found a glowing golden altar of the Shining One.
   616 | D        | Found a glowing silver altar of Zin.
   616 | D        | Found a white marble altar of Elyvilon.
   654 | D        | Found a sparkling altar of Nemelex Xobeh.
   666 | D        | Noticed Sonja
   684 | D        | HP: 3/64 [poisoned by Sonja]
   684 | D        | Slain by Sonja

Skill      XL: |  1  2  3  4  5  6 |
---------------+-------------------+-----
Fighting       | 4 6 8 9 |  9.2
Polearms       | 4 6 8 9 |  9.2
Armour         | 3 4 5 |  5.5
Dodging        | 3 4 5 |  5.5
Stealth        | |  0.7

Action                   |  1- 3 |  4- 6 |  7- 9 || total
-------------------------+-------+-------+-------++-------
Melee: Spear             |    14 |    20 |     6 ||    40
Invok: Berserk           |     2 |     2 |     1 ||     5
       Trog's Hand       |       |     1 |     1 ||     2
  Use: Potion            |       |     1 |     3 ||     4
  Eat: Bread ration      |       |     1 |       ||     1
Armor: Animal skin       |     1 |       |       ||     1
       Leather armour    |       |     1 |     5 ||     6
Dodge: Dodged            |     3 |     8 |    13 ||    24
